 Dungeon Crawl Stone Soup version 0.23.2-40-g277498a001 (webtiles) character file.

Game seed: 13977504144703099790

113 Deathwalker the Slasher (level 4, -7/26 HPs)
             Began as a Tengu Warper on Aug 20, 2019.
             Killed from afar by an orc wizard (8 damage)
             ... with a magic dart
             ... on level 3 of the Dungeon.
             The game lasted 00:07:40 (2473 turns).

Deathwalker the Slasher (Tengu Warper)              Turns: 2473, Time: 00:07:51

Health: -7/26      AC:  3    Str: 13    XL:     4   Next: 96%
Magic:  6/8        EV: 13    Int: 13    God:
Gold:   162        SH:  0    Dex: 13    Spells: 3/7 levels left

rFire    . . .     SeeInvis .   a - +0 falchion
rCold    . . .     Gourm    .   (no shield)
rNeg     . . .     Faith    .   j - +0 leather armour
rPois    .         Spirit   .   (helmet restricted)
rElec    .         Reflect  .   (no cloak)
rCorr    .         Harm     .   (no gloves)
MR       .....                  (boots unavailable)
Stlth    +.........             (no amulet)
HPRegen  0.08/turn              (no ring)
MPRegen  0.11/turn              (no ring)

@: lethally poisoned (-7 -> -13)
A: beak, talons 3
a: no special abilities


You were on level 3 of the Dungeon.
You were not hungry.

You visited 1 branch of the dungeon, and saw 3 of its levels.

You collected 162 gold pieces.

Inventory:

Hand Weapons
 a - a +0 falchion (weapon)
 b - a +0 hunting sling
Missiles
 e - 5 tomahawks of dispersal (quivered)
 g - 96 stones
 i - 26 arrows
Armour
 j - a +0 leather armour (worn)
 l - a +0 helmet
 m - a +0 ring mail
Scrolls
 c - 6 scrolls of identify {unknown}
 d - a scroll of blinking
 k - a scroll of teleportation {unknown}
 o - a scroll of remove curse {unknown}
 p - a scroll of amnesia {unknown}
 q - a scroll of magic mapping {unknown}
Potions
 h - a potion of degeneration {unknown}
 n - 2 potions of curing {unknown}
Comestibles
 f - 7 rations


   Skills:
 - Level 2.0 Fighting
 + Level 4.1 Long Blades
 - Level 1.0 Throwing
 - Level 1.1 Armour
 + Level 4.1 Dodging
 - Level 2.0 Spellcasting
 - Level 2.4 Translocations


You had 3 spell levels left.
You knew the following spells:

 Your Spells              Type           Power        Failure   Level  Hunger
a - Blink                 Tloc           N/A          19%         2    ###....
b - Shroud of Golubria    Chrm/Tloc      #.........   30%         2    ###....

Your spell library contained the following spells:

 Spells                   Type           Power        Failure   Level  Hunger
 Gell's Gravitas          Tloc           #.........   36%         3    ####...
 Lesser Beckoning         Tloc           #.........   36%         3    ####...
 Teleport Other           Tloc           #.......     36%         3    ####...
 Passage of Golubria      Tloc           N/A          77%         4    #####..


Dungeon Overview and Level Annotations

Branches:
Dungeon (3/15)

Altars:

Annotations:
D:3 Natasha


Innate Abilities, Weirdness & Mutations

You have a beak for a mouth.
You have claws for feet.


Message History

The orc wizard hits you but does no damage.
You are more poisoned.
Unknown command.
Unknown command.
Unknown command.
Unknown command.
Unknown command.
You hit the orc but do no damage. You claw the orc, but do no damage.
Your peck misses the orc.
* * * LOW HITPOINT WARNING * * *
You feel sick. The orc closely misses you. The orc hits you but does no damage.
The orc wizard misses you.
You hit the orc.
The orc is severely wounded.
The orc closely misses you. The orc barely misses you.
You riposte.
You closely miss the orc.
The orc is severely wounded.
Natasha casts a spell.
The orc wizard casts a spell at you. The magic dart hits you!
You die...

#...# #. ######### #...#
.##.......# #...#
.#.#####)###)..####
#..#####.....†.....# .
#..##...............#
...###..##.##............#
#..5..o#.##.###...####.#
#..h..Koo@o§# #...# #
#####.o#.#### #...#
.....### #...# #####.#
#.## #.# #.# ..# ...


You could see an iron imp, an orc priest, an orc wizard, Natasha, 3 orcs and a
kobold.

Vanquished Creatures
  2 adders (D:2)
  4 gnolls (D:2)
  A worm (D:2)
  2 dart slugs (D:1)
  An orc (D:3)
  2 ball pythons (D:3)
  6 bats
  4 giant cockroaches
  3 goblins
  4 hobgoblins
  4 jackals (D:1)
  A quokka (D:2)
  7 frilled lizards
  4 kobolds
  6 rats
  A bush (D:1)
52 creatures vanquished.

Notes
Turn   | Place    | Note
-------+----------+-------------------------------------------
     0 | D:1      | Deathwalker the Tengu Warper began the quest for the Orb.
     0 | D:1      | Reached XP level 1. HP: 12/12 MP: 4/4
   198 | D:1      | Reached XP level 2. HP: 11/17 MP: 6/6
   430 | D:1      | Learned a level 2 spell: Blink
   434 | D:1      | Learned a level 2 spell: Shroud of Golubria
   497 | D:1      | Reached XP level 3. HP: 11/21 MP: 7/7
  1310 | D:2      | Reached XP level 4. HP: 26/26 MP: 8/8
  2471 | D:3      | Noticed Natasha
  2472 | D:3      | HP: 1/26 [poisoned by an orc wizard]
  2473 | D:3      | Killed from afar by an orc wizard

Skill      XL: |  1  2  3  4 |
---------------+-------------+-----
Long Blades    | 3 4 |  4.1
Dodging        | 3 4 |  4.1
Fighting       | |  2.0
Throwing       | |  1.0
Armour         | |  1.1
Spellcasting   | |  2.0
Translocations | |  2.4

Action                   |  1- 3 |  4- 6 || total
-------------------------+-------+-------++-------
Melee: Falchion          |   167 |    48 ||   215
       Kick              |    71 |    15 ||    86
       Peck              |    44 |     5 ||    49
 Fire: Hunting sling     |     4 |     6 ||    10
 Cast: Shroud of Golubri |       |     2 ||     2
       Blink             |       |     1 ||     1
 Stab: Distracted        |     1 |       ||     1
  Eat: Chunk             |     2 |     2 ||     4
       Ration            |       |     1 ||     1
Armor: Leather armour    |    15 |    11 ||    26
Dodge: Dodged            |    48 |    42 ||    90
       Rpst.: Falchion   |    18 |     9 ||    27
